 Dungeon Crawl Stone Soup version 0.29.1-2-gbd0b4ee654 (webtiles) character file.

Game seed: 15497679609471801357

494 DemonSlayer the Firebug (level 6, -4/43 HPs)
             Began as a Demonspawn Fire Elementalist on Nov 22, 2022.
             Slain by a wyvern (13 damage)
             ... on level 5 of the Dungeon.
             The game lasted 00:07:35 (3627 turns).

DemonSlayer the Firebug (DsFE)                      Turns: 3627, Time: 00:07:35

Health: -4/43      AC:  6    Str: 10    XL:     6   Next: 92%
Magic:  0/11       EV: 12    Int: 17    God:
Gold:   217        SH:  0    Dex: 13    Spells: 6/12 levels left

rFire   . . .      SeeInvis .   c - +0 sling
rCold   . . .      Faith    .   (no shield)
rNeg    . . .      Spirit   +   h - +1 robe
rPois   .          Reflect  .   x - +2 hat
rElec   .          Harm     .   (no cloak)
rCorr   .          Rampage  .   i - +0 pair of gloves
Will    +....                   (no boots)
Stlth   ++........              (no amulet)
HPRegen 0.14/turn               s - ring of willpower
MPRegen 0.24/turn               (no ring)

@: about to teleport
A: antennae 1, magic shield, magic regeneration
a: no special abilities


You were on level 5 of the Dungeon.
You visited 1 branch of the dungeon, and saw 5 of its levels.

You collected 217 gold pieces.

Inventory:

Hand Weapons
 c - a +0 sling (weapon)
Armour
 h - a +1 robe (worn)
 i - a +0 pair of gloves (worn)
 x - a +2 hat (worn)
Jewellery
 s - a ring of willpower (left hand)
Wands
 w - a wand of charming (5)
Scrolls
 b - a scroll of magic mapping
 d - 2 scrolls of enchant weapon {unknown}
 j - 2 scrolls of blinking
 k - 2 scrolls of enchant armour {unknown}
 l - 2 scrolls of poison {unknown}
 m - 2 scrolls of vulnerability
 o - 4 scrolls of teleportation
 q - 2 scrolls of fog {unknown}
 v - a scroll of immolation {unknown}
Potions
 e - 3 potions of flight
 f - 4 potions of heal wounds
 g - a potion of curing {unknown}
 n - 2 potions of mutation {unknown}
 p - a potion of cancellation
 r - a potion of haste {unknown}
 t - a potion of degeneration {unknown}
 u - a potion of resistance


   Skills:
 + Level 1.5 Fighting
 + Level 3.8 Ranged Weapons
 + Level 2.3 Dodging
 + Level 2.5 Stealth
 + Level 3.5 Spellcasting
 + Level 1.1 Conjurations
 + Level 4.0 Fire Magic


You had 6 spell levels left.
You knew the following spells:

 Your Spells              Type           Power      Damage    Failure   Level
a - Foxfire               Conj/Fire      44%        2x1d6     6%          1
b - Scorch                Fire           32%        2d6       4%          2
c - Conjure Flame         Conj/Fire      11%        6-21      17%         3

Your spell library contained the following spells:

 Spells                   Type           Power      Damage    Failure   Level
 Inner Flame              Hex/Fire       9%         N/A       22%         3
 Ozocubu's Armour         Ice            2%         N/A       45%         3
 Portal Projectile        Hex/Tloc       4%         N/A       45%         3
 Tukima's Dance           Hex            2%         N/A       45%         3
 Flame Wave               Conj/Fire      11%        2d6       50%         4
 Irradiate                Conj/Tmut      2%         3d12      98%         5
 Blade Hands              Tmut           1%         N/A       99%         5
 Dragon Form              Tmut           1%         N/A       100%        7
 Ozocubu's Refrigeration  Ice            1%         4d7       100%        7


Dungeon Overview and Level Annotations

Branches:
Dungeon (5/15)
 Temple: D:4-7

Altars:
Cheibriados
Okawaru
Uskayaw
Wu Jian

Shops:
D:3 (


Innate Abilities, Weirdness & Mutations

You have a pair of small antennae on your head.
When hurt, damage is shared between your health and your magic reserves.
You regenerate magic rapidly.


Message History

The jelly is moderately wounded.
You hear an angry hiss.
A wyvern comes into view.
You shoot a sling bullet.
The sling bullet hits the wyvern but does no damage.
The wyvern barely misses you.
You shoot a sling bullet. The sling bullet hits the wyvern.
The wyvern is lightly wounded.
The wyvern closely misses you. The wyvern barely misses you.
You shoot a sling bullet.
The sling bullet hits the wyvern but does no damage.
The wyvern is lightly wounded.
The wyvern bites you!
Flames lash the wyvern.
The wyvern is moderately wounded.
The wyvern's fire resistance burns away.
The wyvern barely misses you. The wyvern closely misses you.
The jelly hits you but does no damage.
Flames lash the wyvern.
The wyvern is burned terribly!
The wyvern is heavily wounded.
The wyvern bites you! The jelly hits you but does no damage.
Flames lash the jelly.
The jelly is almost dead.
The jelly's fire resistance burns away.
The wyvern closely misses you. The wyvern barely misses you.
The jelly barely misses you.
You don't have enough magic to cast this spell.
You don't have enough magic to cast this spell.
You don't have enough magic to cast this spell.
You don't have enough magic to cast this spell.
Casting: Scorch (safe; 4% risk of failure)
Confirm with . or Enter, or press ? or * to list all spells.
You don't have enough magic to cast this spell.
As you read the scroll of teleportation, it crumbles to dust.
You feel strangely unstable. The wyvern bites you!
* * * LOW HITPOINT WARNING * * *
The jelly barely misses you. The jelly attacks as you move away!
The jelly barely misses you. The wyvern barely misses you.
The wyvern bites you!
You die...

#####..####
#.#
#.........
#.# ........
#.# ..... #.#
#..# #.# #).#
#.# #J.# #.#
#.l# #.#
#.@########.#
#..#........#
#..#.########
#..#.#
##.####..#.#
#........#.#
#####....).#
#...........#
#.#.#######.#


You could see a wyvern (combustible) and a jelly (combustible).

Vanquished Creatures
  Sigmund (D:5)
  An ogre (D:4)
  An orc priest (D:4)
  2 iguanas (D:4)
  An orc wizard (D:4)
  6 adders
  An ufetubus (D:4)
  2 worms
  A dart slug (D:2)
  4 orcs
  10 ball pythons
  2 bats
  9 endoplasms
  6 giant cockroaches
  7 goblins
  4 hobgoblins (D:1)
  6 quokkas
  4 frilled lizards
  6 kobolds
  7 rats
81 creatures vanquished.

Vanquished Creatures (others)
  9 foxfires (D:1)
9 creatures vanquished.

Grand Total: 90 creatures vanquished

Notes
Turn   | Place    | Note
-------+----------+-------------------------------------------
     0 | D:1      | DemonSlayer the Demonspawn Fire Elementalist began the
                  | quest for the Orb.
     0 | D:1      | Reached XP level 1. HP: 13/13 MP: 3/3
   135 | D:1      | Gained mutation: You regenerate magic rapidly. [demonic
                  | ancestry]
   135 | D:1      | Reached XP level 2. HP: 18/19 MP: 5/5
   682 | D:1      | Reached XP level 3. HP: 24/24 MP: 6/6
   771 | D:1      | Learned a level 2 spell: Scorch
   775 | D:1      | Learned a level 3 spell: Conjure Flame
   832 | D:1      | Reached skill level 1 in Ranged Weapons
  1281 | D:2      | Reached skill level 1 in Fighting
  1281 | D:2      | Discovered your monstrous ancestry.
  1281 | D:2      | Gained mutation: You have a pair of small antennae on your
                  | head. [demonic ancestry]
  1281 | D:2      | Reached XP level 4. HP: 31/32 MP: 4/7
  1430 | D:2      | Found a faded altar of an unknown god.
  1457 | D:3      | Found Qemais Ewnu's Weapon Shoppe.
  1546 | D:3      | Found a hide-covered altar of Uskayaw.
  1549 | D:3      | Noticed a +0 dagger
  1550 | D:3      | Noticed a +0 dagger
  1782 | D:3      | Found an ornate altar of the Wu Jian Council.
  1911 | D:3      | Found a snail-covered altar of Cheibriados.
  2268 | D:4      | Found an iron altar of Okawaru.
  2468 | D:4      | Reached skill level 3 in Fire Magic
  2468 | D:4      | Reached XP level 5. HP: 12/37 MP: 0/8
  2778 | D:4      | Noticed an ogre
  2785 | D:4      | Killed an ogre
  3020 | D:4      | Gained mutation: When hurt, damage is shared between your
                  | health and your magic reserves. [demonic ancestry]
  3020 | D:4      | Reached XP level 6. HP: 42/43 MP: 1/10
  3483 | D:5      | Entered Level 5 of the Dungeon
  3483 | D:5      | Noticed Sigmund
  3487 | D:5      | Killed Sigmund
  3488 | D:5      | Reached skill level 4 in Fire Magic
  3617 | D:5      | Noticed a wyvern
  3627 | D:5      | Slain by a wyvern

Illustrated notes

Levels and vault maps discovered:
D:1:      roderic_dead_forest, layout_rooms, minmay_hexomino_c4
D:2:      layout_basic, dreamdust_ecumenical_altar_hidden_monk_grotto
D:3:      layout_basic, mainiacjoe_overflow_alcove_1, old_standard_altar,
          dancing_weapons_uskayaw, serial_shops, shop
D:4:      layout_loops_corners, mainiacjoe_overflow_tiny_flanked,
          kennysheep_generic_room_2
D:5:      layout_basic, nicolae_tso_besieged_by_evil, uniq_sigmund

Skill      XL: |  1  2  3  4  5  6 |
---------------+-------------------+-----
Dodging        | 2 |  2.3
Stealth        | 2 |  2.5
Ranged Weapons | 1 3 |  3.8
Fighting       | 1 |  1.5
Fire Magic     | 3 4 |  4.0
Spellcasting   | 3 |  3.5
Conjurations   | |  1.1

Action                   |  1- 3 |  4- 6 || total
-------------------------+-------+-------++-------
Melee: Unarmed           |     1 |       ||     1
       Sling             |     1 |       ||     1
 Fire: Sling             |   144 |   112 ||   256
 Cast: Foxfire           |     6 |       ||     6
       Scorch            |     3 |    31 ||    34
  Use: Potion            |       |     1 ||     1
       Scroll            |       |     8 ||     8
Armor: Robe              |    21 |    12 ||    33
Dodge: Dodged            |    40 |    40 ||    80
